← All builds
Geo / Armada / Economy first / OBSERVED BUILD

Mauser artillery

Geo skips straight to an Advanced Vehicle Plant and fields Mauser artillery from 5:57, much earlier than the role's usual T2 timeline, sometimes with Umbra jammer support, pushing into the middle and occasionally the enemy base.

#artillery #t2 #push · 48 distinct matches · 22 players · 4% of Armada Geo games · team won 57% of 49 · Recently observed

THE CATCH, AND WHAT COMES WITH IT
  • MauserT2 vehicle artillery from 5:57 · 3% of role by thenFrom the Advanced Vehicle Plant. Only 3% of Geo games have it by then; others who build it get it around 8:29
  • Advanced Vehicle PlantAdvanced Vehicle Plant in 71%6% of all Geo games by then
  • Vehicle PlantVehicle Plant in 71%15% of all Geo games by then
  • UmbraJammer in 45%3% of all Geo games by then

Where those units first fight, in 48 games with kill data: in the middle 79%, on their own side 21%.

Those units destroy a typical 3,975 metal of enemy units by 15:00.

Then transitions into Jaguar (24% of army), Starlight (20% of army).

HOW TO PLAY IT

Key timing: Mauser out by 5:58

  1. Open mex and geo like normal, but rush Vehicle Plant by 3:58.
  2. Push straight into Advanced Vehicle Plant well ahead of the norm.
  3. Field Mauser mobile arty from the T2 plant to shell middle early.
  4. Add jammer support to protect the arty push.
  5. Ease into Advanced Geothermal and the usual Starlight/Jaguar transition.

Phase by phase

TYPICAL OF ITS 48 GAMES · AGAINST STANDARD GEO
  1. 1
  2. 2
  3. 3
  4. 4
PLAY THE OPENING

Follow the example game's first 6:58 step by step: what to build now, what comes next, and where it goes. At 1× it keeps pace with your own game.

  1. 1

    Up to the Bot Lab

    Economy
    • Metal Extractor3Mex
    • Wind Turbine3Wind
    Order
    1. Bot LabBot Lab after 3 mex, 3 winddone ~1:13, middle half 0:54–1:21

    By 0:56 in all: 3 mex · 3 wind

    The example game in this phase · 6 steps
    1. Mex ×2
    2. Wind
    3. Mex
    4. Wind ×3
    5. Energy storage
    6. Bot LabBot Labdone 1:34 · typical 1:13
  2. 2

    Bot Lab to Vehicle Plant

    Economy
    • Metal Extractor1Mex
    • Wind Turbine2Wind
    • Energy Converter5Converter
    • Energy Storage1Energy storage
    Order
    1. Geothermal PowerplantGeo after 4 mex, 5 wind, 1 energy storage
    2. Vehicle PlantVehicle Plant after 4 mex, 6 wind, 5 converterdone ~4:29, middle half 4:04–6:36
    Builders
    • Construction Turret3 Con turret
    • Lazarus4 Lazarus
    • Construction Bot2 Con bot
    • Construction Bot1 Con bot for allies
    • Lazarus1 Lazarus for allies

    By 4:16 in all: 4 mex · 6 wind · 1 geo · 5 converter · 1 energy storage · 3 con turret

    The example game in this phase · 48 steps
    1. Construction BotCon botfor Beach sea
    2. LazarusLazarus ×4
    3. Mex
    4. LazarusLazarusfor Beach sea
    5. Construction BotCon botfor Beach sea
    6. Construction BotCon bot ×2
    7. Geothermal PowerplantGeodone 3:26 · typical 3:16
    8. Con turret
    9. Converter
    10. Con turret ×2
    11. Converter
    12. Con turret
    13. Converter ×2
    14. Con turret
    15. Converter ×2
    16. Wind
    17. Con turret
    18. Converter
    19. Wind
    20. Converter ×2
    21. Wind
    22. Con turret
    23. Wind
    24. Converter
    25. Wind
    26. Converter
    27. Wind
    28. Converter
    29. Wind ×2
    30. Converter
    31. Radar TowerRadar Tower
    32. Converter ×2
    33. Advanced Metal ExtractorT2 mexdone 5:31 · typical 7:04
    34. SentrySentry
    35. Converter
    36. Advanced Metal ExtractorT2 mex
    37. Converter ×2
    38. Advanced Metal ExtractorT2 mex
    39. SentrySentry
    40. Converter
    41. Advanced Metal ExtractorT2 mex
    42. Converter
    43. SentrySentry
    44. Converter
    45. Advanced Geothermal PowerplantAdvanced Geothermal Powerplantdone 6:55 · typical 9:54
    46. Wind
    47. SentrySentry
    48. Vehicle PlantVehicle Plantdone 6:59 · typical 4:29
  3. 3

    Vehicle Plant to T2 vehicle artillery

    Economy
    • Energy Converter2Converter−4 vs standard
    Order
    1. Advanced Vehicle PlantAdvanced Vehicle Plant after 4 mex, 6 wind, 6 converter
    2. MauserT2 vehicle artillery after 4 mex, 7 wind, 8 converter
    Builders
    • Construction Vehicle1 Con vehicle

    The standard build makes here, this one skips: 2 con turret

    By 5:57 in all: 4 mex · 7 wind · 1 geo · 8 converter · 1 energy storage · 3 con turret (standard 6)

    The example game in this phase · 22 steps
    1. Construction VehicleCon vehicle
    2. GroundhogGroundhog
    3. SentrySentry
    4. Wind
    5. GroundhogGroundhog
    6. Advanced Vehicle PlantAdvanced Vehicle Plantdone 7:46 · typical 5:32
    7. Wind ×2
    8. Con turret
    9. Light MineLight Minefor Tech
    10. BeholderBeholder
    11. Wind
    12. Light MineLight Minefor Tech
    13. BeamerBeamer
    14. Light MineLight Mine ×5for Tech
    15. Wind
    16. BeholderBeholder
    17. Light MineLight Minefor Tech
    18. Wind
    19. Light MineLight Minefor Tech
    20. Wind
    21. Light MineLight Minefor Tech
    22. MauserMauserdone 8:06
  4. 4

    T2 vehicle artillery to 10:00

    Economy
    • Wind Turbine5Wind−2 vs standard
    Builders
    • Construction Turret2 Con turret
    Army
    • Mauser4 Mauser +4 vs standard
    • Prophet1 Radar vehicle

    Some games also: T2 con vehicle (47%) · jammer (45%) · T2 con vehicle for allies (41%) · converter (41%) · Jaguar (39%)

    The standard build makes here, this one skips: 5 converter · 2 Starlight

    By 10:00 in all: 4 mex · 15 wind · 1 geo · 1 Advanced Geothermal Powerplant · 10 converter (standard 16) · 1 energy storage

    The example game in this phase · 207 steps
    1. Light MineLight Minefor Tech
    2. Converter
    3. Light MineLight Minefor Tech
    4. Con turret
    5. MauserMauser
    6. Converter
    7. BeholderBeholder
    8. Light MineLight Mine ×2
    9. MauserMauser
    10. Light MineLight Mine
    11. Converter
    12. Wind
    13. Light MineLight Mine
    14. MauserMauser
    15. Light MineLight Mine
    16. Converter
    17. Light MineLight Mine
    18. Con turret
    19. MauserMauser
    20. Wind
    21. Converter
    22. Light MineLight Mine
    23. BeholderBeholder
    24. Light MineLight Mine
    25. MauserMauser
    26. Light MineLight Mine
    27. Wind
    28. Light MineLight Mine
    29. Wind
    30. Light MineLight Mine ×2
    31. MauserMauser
    32. Converter
    33. Wind
    34. Light MineLight Mine
    35. Wind
    36. Converter
    37. Light MineLight Minefor Tech
    38. MauserMauser
    39. Light MineLight Mine ×2for Tech
    40. Wind
    41. Converter
    42. Light MineLight Mine ×2for Tech
    43. MauserMauser
    44. Wind ×2
    45. Converter
    46. Light MineLight Mine ×2for Tech
    47. Converter
    48. Light MineLight Minefor Tech
    49. MauserMauser
    50. Light MineLight Minefor Tech
    51. Wind ×2
    52. Light MineLight Mine ×2for Tech
    53. Light MineLight Mine
    54. MauserMauser
    55. Wind ×2
    56. Light MineLight Mine ×2for Tech
    57. Wind
    58. Converter
    59. Light MineLight Minefor Tech
    60. MauserMauser
    61. Light MineLight Minefor Tech
    62. Wind
    63. Converter
    64. Light MineLight Minefor Tech
    65. Wind
    66. Light MineLight Mine ×2for Tech
    67. Wind ×2
    68. Light MineLight Mine
    69. Light MineLight Minefor Tech
    70. Converter
    71. Light MineLight Minefor Tech
    72. MauserMauser
    73. BeamerBeamer
    74. Wind
    75. Light MineLight Minefor Tech
    76. Converter
    77. Light MineLight Minefor Tech
    78. MauserMauser
    79. Wind
    80. Light MineLight Minefor Tech
    81. Converter
    82. Light MineLight Minefor Tech
    83. Wind
    84. MauserMauser
    85. Wind
    86. Light MineLight Minefor Tech
    87. Wind ×2
    88. Light MineLight Minefor Tech
    89. UmbraJammer
    90. Light MineLight Minefor Tech
    91. Wind ×2
    92. Light MineLight Minefor Tech
    93. ProphetRadar vehicle
    94. Wind ×2
    95. Light MineLight Minefor Tech
    96. Wind
    97. Light MineLight Minefor Tech
    98. JaguarJaguar
    99. Light MineLight Minefor Tech
    100. Wind ×2
    101. JaguarJaguar
    102. Light MineLight Minefor Tech
    103. Wind ×2
    104. Light MineLight Minefor Tech
    105. JaguarJaguar
    106. Wind ×2
    107. JaguarJaguar
    108. Wind ×2
    109. Light MineLight Minefor Tech
    110. JaguarJaguar
    111. Wind
    112. Light MineLight Minefor Tech
    113. Wind ×2
    114. Light MineLight Minefor Tech
    115. JaguarJaguar
    116. Wind ×2
    117. Light MineLight Minefor Tech
    118. Wind ×2
    119. JaguarJaguar
    120. Light MineLight Minefor Tech
    121. Wind
    122. Light MineLight Minefor Tech
    123. JaguarJaguar
    124. Wind
    125. Light MineLight Minefor Tech
    126. Wind ×2
    127. Light MineLight Minefor Tech
    128. JaguarJaguar
    129. Wind ×2
    130. Light MineLight Minefor Tech
    131. JaguarJaguar
    132. Wind
    133. Light MineLight Minefor Tech
    134. Wind
    135. Light MineLight Minefor Tech
    136. Wind
    137. JaguarJaguar
    138. Light MineLight Minefor Tech
    139. Wind ×2
    140. Light MineLight Minefor Tech
    141. JaguarJaguar
    142. Wind ×2
    143. Light MineLight Minefor Tech
    144. Wind
    145. JaguarJaguar
    146. Light MineLight Minefor Tech
    147. Wind
    148. Light MineLight Minefor Tech
    149. JaguarJaguar
    150. Light MineLight Minefor Tech
    151. Wind
    152. Light MineLight Minefor Tech
    153. JaguarJaguar
    154. Wind
    155. Light MineLight Minefor Tech
    156. Wind
    157. JaguarJaguar
    158. Light MineLight Minefor Tech
    159. Wind ×2
    160. Light MineLight Minefor Tech
    161. Wind
    162. JaguarJaguar
    163. Wind
    164. Light MineLight Minefor Tech
    165. Wind
    166. Light MineLight Minefor Tech
    167. Wind
    168. JaguarJaguar
    169. Wind ×2
    170. Light MineLight Minefor Tech
    171. JaguarJaguar
    172. Wind ×2
    173. Light MineLight Minefor Tech
    174. Wind
    175. JaguarJaguar
    176. Wind
    177. Light MineLight Minefor Tech
    178. Wind ×2
    179. Light MineLight Minefor Tech
    180. JaguarJaguar
    181. Wind ×2
    182. Light MineLight Minefor Tech
    183. Wind
    184. JaguarJaguar
    185. Wind
    186. Light MineLight Minefor Tech
    187. Wind ×2
    188. Light MineLight Minefor Tech
    189. Wind
    190. JaguarJaguar
    191. Wind
    192. Light MineLight Minefor Tech
    193. Wind ×3
    194. Light MineLight Minefor Tech
    195. JaguarJaguar
    196. Wind ×2
    197. JaguarJaguar
    198. Light MineLight Minefor Tech
    199. Wind
    200. Light MineLight Mine ×6for Tech
    201. Wind
    202. Light MineLight Mine ×5for Tech
    203. Wind
    204. Mex ×2
    205. Light MineLight Mine ×4
    206. Con turret
    207. Light MineLight Mine ×6

Counts are medians over the build's games: half of them build more, half fewer. The example game is Viltrum's (45 OS, 20/08/2026); pick another.

Team trades

IN AT LEAST 30% OF ITS GAMES

You hand over

  • Lazarus1 Lazarus to Beach seafirst at 2:15 · in 57% of games
  • Construction Bot1 Con bot to Beach seafirst at 2:46 · in 67% of games
  • Advanced Construction Vehicle2 T2 con vehicle to Front or Suicide frontfirst at 8:43 · in 53% of games

You get

  • Advanced Construction Bot1 T2 con bot from Techfirst at 4:50 · in 45% of games

How it plays out

Typical game of this build against the role’s standard build, running totals by minute

  • This build
  • Standard geo

Metal produced

020k40k
0:005:0010:0015:00

metal

Enemy metal destroyed

05k10k15k
0:005:0010:0015:00

metal

Own metal lost

02.5k5k7.5k
0:005:0010:0015:00

metal

49 games.

Show as table
ByMetal produced: This buildMetal produced: Standard geoEnemy metal destroyed: This buildEnemy metal destroyed: Standard geoOwn metal lost: This buildOwn metal lost: Standard geo
1:003563330000
2:008828250000
3:00155215230000
4:00271827000000
5:00443237260000
6:00636557290000
7:007588813031000
8:0094461145991004221
9:001161214489168451260130
10:0013994174052296565960280
11:001679520377328820741377790
12:0019520233054386394018351940
13:0021833260626056596123703304
14:0024871289888287832134934785
15:002737131497105301017247606196
WHAT THE NUMBERS SAY

Matched the standard build's win rate while destroying more enemy metal and losing much less of its own by 15:00.

  • + Destroyed 10530 enemy metal by 15:00 vs 9875 standard.
  • + Lost only 4760 own metal by 15:00 vs 6281 standard.
  • − Metal production fell behind standard by 15:00 (27371 vs 31426).
THE EXAMPLE YOU ARE READING

Viltrum

45.0 OS · 20/08/2026

Open source match ↗

4 received units · includes a constructor
120 metal received · 170452 energy received

Allied construction assistance is unknown. Timings are observations, not a promise of solo reproducibility.

Typical milestones

Bot Lab1:13Middle 50%: 0:54–1:21 · n=49
Geothermal Powerplant3:16Middle 50%: 3:00–3:26 · n=49
Vehicle Plant4:29Middle 50%: 4:04–6:36 · n=49
Advanced Vehicle Plant5:32Middle 50%: 5:11–7:27 · n=49
Advanced Metal Extractor7:04Middle 50%: 5:37–8:12 · n=48
Advanced Geothermal Powerplant9:54Middle 50%: 7:00–10:45 · n=37
Starlight11:11Middle 50%: 10:18–12:02 · n=29

Played most by

kbssilks5games of this buildPRO_HYDRA5games of this buildViltrum5games of this build[FCRD]Tragedy3games of this build0neTw03games of this build